 Dungeon Crawl Stone Soup version 0.30-a0-1160-g6e42c06551 (webtiles) character file.

Game seed: 12483203372798266796

588 jasper the Covert (level 7, -1/36 HPs)
             Began as a Vampire Enchanter on Apr 25, 2023.
             Was an Initiate of Sif Muna.
             Slain by a water moccasin (6 damage)
             ... on level 5 of the Dungeon.
             The game lasted 00:06:39 (4687 turns).

jasper the Covert (Vampire Enchanter)               Turns: 4687, Time: 00:06:40

Health: -1/36      AC:  3    Str:  7    XL:     7   Next: 15%
Magic:  4/10       EV: 12    Int: 20    God:    Sif Muna [......]
Gold:   205        SH:  0    Dex: 14    Spells: 2/10 levels left

rFire   . . .        a - +1 dagger
rCold   + + +        (no shield)
rNeg    + + +        b - +0 robe
rPois   ∞            (no helmet)
rElec   .            e - +0 cloak
rCorr   .            (no gloves)
SInv    +            (no boots)
Will    .....        h - amulet of faith
Stlth   ++++++       l - ring of ice
HPRegen 0.00/turn    m - ring of protection from fire
MPRegen 0.12/turn

%: faith
@: bloodless, inhibited regen
A: bloodless, fangs 3, see invisible, vampiric 2
a: Bat Form, Revivify, Renounce Religion


You were on level 5 of the Dungeon.
You worshipped Sif Muna.
Sif Muna was noncommittal.
You visited 1 branch of the dungeon, and saw 5 of its levels.

You collected 205 gold pieces.

Inventory:

Hand Weapons
 a - a +1 dagger (weapon)
Armour
 b - a +0 robe (worn)
 e - a +0 cloak (worn)
 i - a +1 buckler
Jewellery
 h - an amulet of faith (around neck)
 l - a ring of ice (left hand)
 m - a ring of protection from fire (right hand)
Wands
 n - a wand of polymorph (10)
Scrolls
 c - a scroll of enchant armour
 p - a scroll of teleportation
 s - a scroll of identify
Potions
 d - 2 potions of attraction
 f - 2 potions of flight {unknown}
 g - a potion of degeneration
 j - 2 potions of ambrosia {unknown}
 k - a potion of mutation {unknown}
 o - 4 potions of brilliance {unknown}
 q - a potion of might {unknown}
 r - a potion of magic {unknown}


   Skills:
 + Level 4.8 Short Blades
 - Level 2.1 Dodging
 + Level 8.2 Stealth
 - Level 2.0 Spellcasting
 + Level 7.7 Hexes


You had 2 spell levels left.
You knew the following spells:

 Your Spells              Type           Power      Damage    Failure   Level
a - Ensorcelled Hibernat  Hex/Ice        52%        N/A       4%          2
b - Confusing Touch       Hex            33%        N/A       1%          3
c - Tukima's Dance        Hex            33%        N/A       1%          3

Your spell library contained the following spells:

 Spells                   Type           Power      Damage    Failure   Level
 Kiss of Death            Conj/Necr      8%         2d6       16%         1
 Dazzling Flash           Conj/Hex       34%        N/A       10%         3
 Frozen Ramparts          Ice            6%         1d1       43%         3
 Vhi's Electric Charge    Tloc/Air       4%         N/A       43%         3
 Dispel Undead            Necr           2%         3d7       83%         4
 Ice Form                 Ice/Tmut       3%         N/A       83%         4
 Summon Ice Beast         Ice/Summ       3%         N/A       83%         4
 Arcjolt                  Conj/Air       1%         1d11      99%         5
 Plasma Beam              Fire/Air       1%         2x1d12    100%        6


Dungeon Overview and Level Annotations

Branches:
Dungeon (5/15)
 Temple: D:4-7

Altars:
Fedhas
Gozag
Makhleb
Okawaru
Sif Muna

Annotations:
D:3 3 runed translucent doors, turdburglar's ghost, amateur MfGl
D:4 2 transporters, mandoloar's ghost, amateur OpTm


Innate Abilities, Weirdness & Mutations

You do not regenerate when monsters are visible.
You are frail without blood (-20% HP).
You can heal yourself when you bite living creatures.
You are immune to poison.
You have razor-sharp teeth.
You have supernaturally acute eyesight. (SInv)
You are afflicted with vampirism and can become a bat while bloodless.


Message History

You hit the sleepcap.
The sleepcap is lightly damaged.
The sleepcap releases spores at you but does no damage.
The water moccasin bites you.
You take 4 damage, and have 32/36 hp.
The water moccasin misses you.
The water moccasin attacks as you move away!
The water moccasin bites you. The water moccasin closely misses you.
You take 5 damage, and have 27/36 hp.
The sleepcap attacks as you move away! The sleepcap releases spores at you.
The water moccasin attacks as you move away!
The water moccasin bites you but does no damage.
You take 4 damage, and have 23/36 hp.
The sleepcap attacks as you move away! The sleepcap releases spores at you.
The water moccasin bites you.
You take 12 damage, and have 11/36 hp.
MASSIVE DAMAGE!!
Aiming: Ensorcelled Hibernation (safe; 4% risk of failure)
Press: ? - help, Q - select action, (/) - cycle Shift-Dir - straight line, f - water moccasin
Aim: a water moccasin (chance to affect: 57%)
You feel a surge of power!
The water moccasin resists with significant effort.
The water moccasin misses you. The water moccasin bites you.
* * * LOW HITPOINT WARNING * * *
You take 4 damage, and have 7/36 hp.
You now have 8/10 mp.
Okay, then.
Aiming: Ensorcelled Hibernation (safe; 4% risk of failure)
Press: ? - help, Q - select action, (/) - cycle Shift-Dir - straight line, f/p - water moccasin
Aim: a water moccasin (chance to affect: 57%)
You feel a surge of power!
The water moccasin resists with significant effort.
The water moccasin bites you.
* * * LOW HITPOINT WARNING * * *
You take 2 damage, and have 5/36 hp.
You now have 6/10 mp.
Aiming: Ensorcelled Hibernation (safe; 4% risk of failure)
Press: ? - help, Q - select action, (/) - cycle Shift-Dir - straight line, f/p - water moccasin
Aim: a water moccasin (chance to affect: 57%)
You feel a surge of power!
The water moccasin resists with significant effort.
The water moccasin bites you.
You die...

####### #....!...#.#.#
.†....## # #........(.#
#####8.# #.####....##.#
#...##.# #....#...>...#
.8.8.#.#######.#...#....
..<..#...##........# ###
.8.8.#.#)......#f#.#
#...##.#########S#.#
#####8.# #@#.. . ..##
#.###. ## ### #.. ..
#### #.


You could see a water moccasin and a sleepcap.

Vanquished Creatures
  Sigmund (D:3)
  A black bear (D:4)
  An ice beast (D:5)
  A hound (D:5)
  A jelly (D:4)
  Terence (D:2)
  6 adders
  2 river rats (D:4)
  2 worms (D:2)
  A dart slug (D:2)
  5 orcs
  4 endoplasms
  4 giant cockroaches
  7 goblins
  6 hobgoblins
  3 jackals (D:1)
  8 quokkas
  6 ball pythons
  6 bats
  A frilled lizard (D:1)
  7 kobolds
  5 rats
79 creatures vanquished.

Notes
Turn   | Place    | Note
-------+----------+-------------------------------------------
     0 | D:1      | jasper the Vampire Enchanter began the quest for the Orb.
     0 | D:1      | Reached XP level 1. HP: 13/13 MP: 3/3
   295 | D:1      | Reached XP level 2. HP: 15/15 MP: 5/5
   298 | D:1      | Learned a level 2 spell: Ensorcelled Hibernation
   561 | D:1      | Reached skill level 5 in Stealth
   821 | D:1      | Reached skill level 5 in Hexes
  1146 | D:2      | Gained mutation: You are afflicted with vampirism and can
                  | become a bat while bloodless. [Vampire growth]
  1146 | D:2      | Reached XP level 3. HP: 19/19 MP: 6/6
  1150 | D:2      | Learned a level 3 spell: Confusing Touch
  1486 | D:2      | Noticed Terence
  1497 | D:2      | Killed Terence
  1498 | D:2      | Reached XP level 4. HP: 24/24 MP: 7/7
  2595 | D:3      | Reached skill level 6 in Stealth
  2748 | D:3      | Noticed Sigmund
  2756 | D:3      | Killed Sigmund
  2757 | D:3      | Reached skill level 7 in Stealth
  2757 | D:3      | Reached XP level 5. HP: 23/28 MP: 5/8
  2757 | D:3      | Reached XP level 6. HP: 26/32 MP: 5/9
  2827 | D:3      | Noticed turdburglar's ghost (amateur MfGl)
  2848 | D:3      | Found a runed translucent gate.
  2848 | D:3      | Found a runed translucent gate.
  2862 | D:3      | Found an iron altar of Okawaru.
  2997 | D:3      | Found a runed translucent gate.
  3421 | D:3      | Learned a level 3 spell: Tukima's Dance
  3638 | D:4      | Found a burning altar of Makhleb.
  3641 | D:4      | Found a shimmering blue altar of Sif Muna.
  3645 | D:4      | Became a worshipper of Sif Muna the Loreminder
  3703 | D:4      | Found a transporter.
  3708 | D:4      | Found a transporter.
  3708 | D:4      | Noticed mandoloar's ghost (amateur OpTm)
  4472 | D:4      | Found an opulent altar of Gozag.
  4475 | D:4      | Found a blossoming altar of Fedhas.
  4637 | D:5      | Entered Level 5 of the Dungeon
  4642 | D:5      | Noticed an ice beast
  4647 | D:5      | Killed an ice beast
  4648 | D:5      | Reached skill level 8 in Stealth
  4648 | D:5      | Reached XP level 7. HP: 36/36 MP: 10/10
  4687 | D:5      | Slain by a water moccasin

Illustrated notes

Levels and vault maps discovered:
D:1:      dpeg_arrival_simpleton_b, layout_basic
D:2:      layout_basic, uniq_terence
D:3:      layout_loops_corners, kennysheep_okawaru_gauntlet,
          gammafunk_ghost_split, uniq_sigmund
D:4:      layout_layer_cave, grunt_temple_overflow_cloverleaf,
          gup_sewer_entry_spiral, gammafunk_ghost_arena
D:5:      layout_basic, minmay_temple_entry_tees, grunt_ministairs_11

Skill      XL: |  1  2  3  4  5  6 |
---------------+-------------------+-----
Stealth        | 5 7 8 |  8.2
Short Blades   | 2 3 4 |  4.8
Hexes          | 5 6 7 |  7.7
Dodging        | |  2.1
Spellcasting   | |  2.0

Action                     |  1- 3 |  4- 6 |  7- 9 || total
---------------------------+-------+-------+-------++-------
  Melee: Dagger            |    74 |   110 |     2 ||   186
         Bite              |     2 |     5 |       ||     7
   Cast: Ensorcelled Hiber |    14 |    24 |     3 ||    41
Ability: Exsanguinate      |     1 |       |       ||     1
    Use: Potion            |     2 |       |       ||     2
         Scroll            |     4 |     2 |       ||     6
   Stab: Invisible         |     3 |       |       ||     3
         Sleeping          |    15 |    39 |     1 ||    55
 Armour: Robe              |    27 |    10 |     2 ||    39
  Dodge: Dodged            |    72 |    49 |     3 ||   124

Table legend: (Time is in decaauts)
 A = Elapsed time spent in this place.
 B = Non-inter-level travel time spent in this place.
 C = Inter-level travel time spent in this place.
 D = Time resting spent in this place.
 E = Time spent auto-exploring this place.
 F = Levels seen in this place.
 G = Mean time per level.
                   A        B        C        D        E       F      G
               +--------+--------+--------+--------+--------+-----+--------+
         Total |   4696 |   4574 |    122 |    116 |   3710 |   5 |  939.2 |
       Dungeon |   4696 |   4574 |    122 |    116 |   3710 |   5 |  939.2 |
               +--------+--------+--------+--------+--------+-----+--------+

Top non-repeatable levels by time:
     D:2: 1255 daAuts
     D:4: 1177 daAuts
     D:1: 1118 daAuts
     D:3: 1096 daAuts
     D:5: 48 daAuts
